 Dungeon Crawl Stone Soup version 0.31.0-9-g3a7656b989 (webtiles) character file.

Game seed: 14874641469187649469

16 qw the Shooter (level 2, 0/14 HPs)
             Began as a Spriggan Hunter on Feb 3, 2024.
             Succumbed to their own poison gas
             ... on level 1 of the Dungeon.
             The game lasted 00:00:12 (714 turns).

qw the Shooter (Spriggan Hunter)                     Turns: 714, Time: 00:00:13

Health: 0/14       AC:  2    Str:  7    XL:     2   Next: 37%
Magic:  3/3        EV: 19    Int: 10    God:
Gold:   28         SH:  0    Dex: 18    Spells: 1/1 levels left

rFire   . . .        a - +0 shortbow
rCold   . . .        (shield currently unavailable)
rNeg    . . .        c - +0 robe
rPois   .            (helmet restricted)
rElec   .            (no cloak)
rCorr   .            (gloves unavailable)
SInv    +            (boots unavailable)
Will    .....        (no amulet)
Stlth   ++           (no ring)
HPRegen 0.22/turn    (no ring)
MPRegen 0.08/turn

%: no passive effects
@: lethally poisoned (0 -> -2), very quick
A: very small, no large weapons, unfitting armour, see invisible, speed 3
a: no special abilities


You were on level 1 of the Dungeon.
You visited 1 branch of the dungeon, and saw 2 of its levels.

You collected 28 gold pieces.


Innate Abilities, Weirdness & Mutations

You are very small and have problems with some larger weapons.
You are too small for most types of armour.
You have supernaturally acute eyesight. (SInv)
You cover ground extremely quickly. (Speed+++)


   Skills:
 - Level 1.5 Fighting
 + Level 4.1 Ranged Weapons
 - Level 4.0 Dodging
 - Level 1.5 Stealth


You had one spell level left.
You didn't know any spells.
Your spell library was empty.

Inventory:

Hand Weapons
 a - a +0 shortbow (weapon)
Armour
 c - a +0 robe (worn)
Potions
 h - a potion of curing {unknown}

Dungeon Overview and Level Annotations

Branches:
Dungeon (2/15)

Altars:


Message History

700 ||| IDENTIFYING smoky coppery potion
f - a potion of attraction
701 ||| READING 3 scrolls labelled OQOXAN OFINA.
As you read the scroll labelled OQOXAN OFINA, it crumbles to dust.
The air around you briefly surges with heat, but it dissipates.
It was a scroll of immolation.
702 ||| READING scroll labelled UDDUAQIALY.
As you read the scroll labelled UDDUAQIALY, it crumbles to dust.
You feel aware of your surroundings.
It was a scroll of revelation.
703 ||| READING scroll labelled HAANOR JEHUM.
The air fills with toxic fumes!
As you read the scroll labelled HAANOR JEHUM, it crumbles to dust.
It was a scroll of poison.
704 ||| DROPPING 2 scrolls of immolation.
You drop 2 scrolls of immolation.
705 ||| DROPPING potion of attraction.
You drop a potion of attraction.
Enter note:
Enter note:
Enter note: You are engulfed in poison gas.
You are lethally poisoned!
You feel very sick.
707 ||| Stepping ~*~*~tactically~*~*~ (cloud).
You feel sick.
Things that are here:
a potion of attraction; 2 scrolls of immolation
There is a lethal amount of poison in your body!
You feel very sick.
There is a lethal amount of poison in your body!
You feel sick.
There is a lethal amount of poison in your body!
You feel sick.
There is a lethal amount of poison in your body!
You feel sick.
There is a lethal amount of poison in your body!
You feel sick.
There is a lethal amount of poison in your body!
You feel sick.
There is a lethal amount of poison in your body!
You die...

#..#7777~~~~~7.....##.........
##...777~0P~0###.#..#.####.###
###..#777¤P¤###.##.#.# ##....
##.##77¤.¤###.##.#.###...##
#..¤.00.0¤0#¤##........##
###00.0¤00¤#0###..#...##
#0¤00000000.........##
#.000.000#.#######...#
#00.0¤0@000#### #....###
####0#.PPPPP### #.#.....
####.#¤P¤¤0P### #.###.#.
####.##P000P.¤# #.# #...
####.##P000P#¤########..
####.##PPPPP#.0#...# #.#
####.######¤####.8.# #..
####.######.####...# ### ###
##...###+###


There were no monsters in sight!

Vanquished Creatures
  2 endoplasms (D:1)
  A goblin (D:1)
  2 hobgoblins (D:1)
  3 kobolds (D:1)
  A ball python (D:1)
  3 frilled lizards (D:1)
  5 rats (D:1)
17 creatures vanquished.

Notes
Turn   | Place    | Note
-------+----------+-------------------------------------------
     0 | D:1      | qw the Spriggan Hunter began the quest for the Orb.
     0 | D:1      | Reached XP level 1. HP: 10/10 MP: 2/2
     0 | D:1      | 0 ||| qw: Version: 0.3-a-155-g5e7d8dd
     0 | D:1      | 0 ||| qw: Game counter: 2988
     0 | D:1      | 0 ||| qw: Melee chars always use a shield: true
     0 | D:1      | 0 ||| qw: God list: Okawaru
     0 | D:1      | 0 ||| qw: Allow faded altars: false
     0 | D:1      | 0 ||| qw: Do Orc after clearing Dungeon:15 true
     0 | D:1      | 0 ||| qw: Do second Lair branch before Depths: true
     0 | D:1      | 0 ||| qw: Lair rune preference: random
     0 | D:1      | 0 ||| qw: Goals: Normal
     0 | D:1      | 0 ||| PLANNING D:1-11
    55 | D:1      | 55 ||| DROPPING scroll of butterflies.
    79 | D:1      | Found a faded altar of an unknown god.
   138 | D:1      | Reached skill level 3 in Dodging
   194 | D:1      | Reached XP level 2. HP: 9/14 MP: 3/3
   700 | D:1      | 700 ||| READING scroll labelled QOIDUO POGENIA.
   700 | D:1      | 700 ||| IDENTIFYING smoky coppery potion
   701 | D:1      | 701 ||| READING 3 scrolls labelled OQOXAN OFINA.
   702 | D:1      | 702 ||| READING scroll labelled UDDUAQIALY.
   703 | D:1      | 703 ||| READING scroll labelled HAANOR JEHUM.
   704 | D:1      | 704 ||| DROPPING 2 scrolls of immolation.
   705 | D:1      | 705 ||| DROPPING potion of attraction.
   707 | D:1      | 707 ||| Stepping ~*~*~tactically~*~*~ (cloud).
   710 | D:1      | HP: 3/14 [poisoned by you (poison gas)]
   713 | D:1      | HP: 1/14 [poisoned by you (poison gas)]
   714 | D:1      | Succumbed to their own poison gas

Levels and vault maps discovered:
D:1:      minmay_arrival_stair_chambers, layout_rooms,
          ebering_ecumenical_altar_hall, minmay_crystal_water,
          minmay_gold_behind_fungi, st_stairs_9, serial_bayou_lagoon_b
D:2:      layout_basic, serial_shops, shop, basic_altar, minmay_misc_feat_square

Skill      XL: |  1  2 |
---------------+-------+-----
Dodging        | 3 4 |  4.0
Fighting       | |  1.5
Ranged Weapons | |  4.1
Stealth        | |  1.5

Action                     || total
---------------------------++-------
   Fire: Shortbow          ||    25
    Use: Scroll            ||     4
 Armour: Robe              ||     1
  Dodge: Dodged            ||     5

Table legend:
 A = Non-vault XP
 B = Vault XP
 C = Vault XP percentage of total XP
 D = Non-vault monster count
 E = Vault monster count
 F = Vault count percentage of total count
                 A         B        C        D         E       F
            +---------+---------+-------+---------+---------+-------
      Total |      19 |       4 |  17.4 |      15 |       2 |  11.8
            +---------+---------+-------+---------+---------+-------
        D:1 |      19 |       4 |  17.4 |      15 |       2 |  11.8
            +---------+---------+-------+---------+---------+-------
